 Dungeon Crawl Stone Soup version 0.29.1-1-gd02db6906a (webtiles) character file.

Game seed: 17594675353158189022

765 jimonade the Skirmisher (level 8, -5/56 HPs)
             Began as a Formicid Hunter on Sept 18, 2022.
             Slain by a river rat (6 damage)
             ... in a sewer.
             The game lasted 00:08:36 (3994 turns).

jimonade the Skirmisher (Formicid Hunter)           Turns: 3994, Time: 00:08:37

Health: -5/56      AC:  4    Str: 17    XL:     8   Next: 8%
Magic:  8/8        EV: 12    Int:  8    God:
Gold:   192        SH:  0    Dex: 19    Spells: 7/7 levels left

rFire   . . .      SeeInvis +   a - +1 shortbow
rCold   . . .      Faith    .   (no shield)
rNeg    . . .      Spirit   .   c - +1 leather armour
rPois   +          Reflect  .   (helmet unavailable)
rElec   .          Harm     .   (no cloak)
rCorr   .          Rampage  .   (no gloves)
Will    .....                   (no boots)
Stlth   ++........              (no amulet)
HPRegen 0.18/turn               k - ring of poison resistance
MPRegen 0.11/turn               (no ring)

@: no status effects
A: permanent stasis, dig shafts and tunnels, antennae 3, four strong arms
a: Dig


You were in a sewer.
You visited 1 branch of the dungeon, and saw 5 of its levels.
You also visited: Sewer.

You collected 192 gold pieces.

Inventory:

Hand Weapons
 a - a +1 shortbow (weapon)
 r - a +0 scimitar
 v - a +1 dagger of venom
Missiles
 i - 4 poisoned darts
 j - 6 silver boomerangs
Armour
 c - a +1 leather armour (worn)
 u - a +0 robe of cold resistance
Jewellery
 k - a ring of poison resistance (left hand)
Wands
 l - a wand of mindburst (14)
 t - a wand of charming (9)
 y - a wand of iceblast (7)
Scrolls
 b - a scroll of immolation
 e - 2 scrolls of teleportation
 f - a scroll of poison
 h - 2 scrolls of summoning
 m - 5 scrolls of identify
 n - a scroll of enchant armour
 A - 2 scrolls of enchant weapon
 C - a scroll of fear {unknown}
 D - a scroll of brand weapon {unknown}
Potions
 d - 2 potions of mutation
 g - a potion of attraction {unknown}
 o - 2 potions of curing {unknown}
 p - 3 potions of heal wounds {unknown}
 q - 5 potions of flight
 s - a potion of magic {unknown}
 w - a potion of degeneration {unknown}
 x - a potion of haste {unknown}
 z - a potion of lignification {unknown}
 B - 2 potions of invisibility {unknown}


   Skills:
 - Level 2.1 Fighting
 + Level 9.4 Ranged Weapons
 - Level 1.7 Dodging
 - Level 1.2 Stealth


You had 7 spell levels left.
You didn't know any spells.
Your spell library was empty.

Dungeon Overview and Level Annotations

Branches:
Dungeon (5/15)              Sewer (1/1)
 Temple: D:4-7

Altars:
Ashenzari
Fedhas
Qazlal
Yredelemnul

Annotations:
D:4 3 runed translucent doors, tower07's ghost, amateur OpCj
D:5 Eustachio


Innate Abilities, Weirdness & Mutations

You cannot be hasted, slowed, berserked, paralysed or teleported.
You can dig through walls and to a lower floor.
You have a pair of large antennae on your head. (SInv)
Your four strong arms can wield two-handed weapons with a shield.


Message History

The river rat barely misses you. The river rat bites you!
The river rat closely misses you.
You shoot an arrow.
The arrow hits the river rat but does no damage.
The river rat is heavily wounded.
The river rat bites you! The river rat bites you.
* * * LOW HITPOINT WARNING * * *
The river rat completely misses you.
You are too injured to fight recklessly!
You are too injured to fight recklessly!
You are too injured to fight recklessly!
You are too injured to fight recklessly!
Fire: a) +1 shortbow
Press: ? - help, Q - select action, (/) - cycle Shift-Dir - straight line, f/p - river rat
Aim: a river rat (heavily wounded, 64% to hit)
You shoot an arrow.
The arrow hits the river rat but does no damage.
The river rat is heavily wounded.
The river rat bites you!
* * * LOW HITPOINT WARNING * * *
The river rat twitches its whiskers.
The river rat closely misses you.
The river rat bites you but does no damage.
Fire: a) +1 shortbow
Press: ? - help, Q - select action, (/) - cycle Shift-Dir - straight line, f/p - river rat
Aim: a river rat (heavily wounded, 64% to hit)
You shoot an arrow.
The arrow hits the river rat but does no damage.
The river rat is heavily wounded.
The river rat misses you. The river rat bites you.
* * * LOW HITPOINT WARNING * * *
The river rat bites you!
* * * LOW HITPOINT WARNING * * *
Fire: a) +1 shortbow
Press: ? - help, Q - select action, (/) - cycle Shift-Dir - straight line, f/p - river rat
Aim: a river rat (heavily wounded, 64% to hit)
You shoot an arrow. The arrow hits the river rat!
You kill the river rat!
The river rat bites you.
You die...

##....### #†≈~~~~.~
#.......####.≈.≈≈≈≈≈
##........##~≈†~~~~~ {
###.....###~≈~##### #######
#~≈~# #### #.≈~# ...#
#~≈~#####''#####
#.~~~†r.........
#.~~~@r.........
#~≈~#####++##### #.≈~# { {{
#~≈~#
#######~≈~##################
≈≈≈≈≈≈≈~≈~~...~~~~~~~~~.~~~~
≈≈≈≈≈≈≈.≈≈≈≈≈≈≈≈≈≈≈≈≈≈≈≈≈≈≈≈
≈≈≈≈≈≈≈~~~~~~~~..~~~~~.~~~.~
############################


You could see 2 river rats.

Vanquished Creatures
  Sigmund (D:2)
  An ogre (D:5)
  A phantom (D:4)
  2 scorpions
  An orc priest (D:3)
  Ijyb (D:3)
  An iguana (D:4)
  3 river rats (Sewer)
  7 adders
  8 worms
  2 dart slugs
  10 orcs
  12 ball pythons
  9 bats
  7 endoplasms
  5 giant cockroaches
  8 goblins
  8 hobgoblins
  12 jackals
  3 quokkas
  5 frilled lizards
  5 kobolds
  5 rats
117 creatures vanquished.

Notes
Turn   | Place    | Note
-------+----------+-------------------------------------------
     0 | D:1      | jimonade the Formicid Hunter began the quest for the Orb.
     0 | D:1      | Reached XP level 1. HP: 16/16 MP: 1/1
    48 | D:1      | Reached XP level 2. HP: 20/22 MP: 2/2
   626 | D:2      | Noticed Sigmund
   884 | D:2      | Killed Sigmund
   885 | D:2      | Reached skill level 6 in Ranged Weapons
   885 | D:2      | Reached XP level 3. HP: 27/27 MP: 3/3
   885 | D:2      | Reached XP level 4. HP: 33/33 MP: 4/4
   885 | D:2      | Reached XP level 5. HP: 38/38 MP: 5/5
   885 | D:2      | Reached XP level 6. HP: 44/44 MP: 6/6
  1229 | D:2      | Reached skill level 7 in Ranged Weapons
  1714 | D:3      | Identified the +2 robe "Dakait" {Contam rN+ Regen+ Str+3}
  1849 | D:3      | Noticed Ijyb
  1867 | D:3      | Killed Ijyb
  2558 | D:3      | Reached XP level 7. HP: 49/50 MP: 7/7
  2681 | D:3      | Reached skill level 8 in Ranged Weapons
  2778 | D:4      | Found a broken altar of Ashenzari.
  2782 | D:4      | Saw a vision of the Shoals and the Spider Nest.
  2782 | D:4      | Noticed a merfolk
  2782 | D:4      | Noticed a sea snake
  2782 | D:4      | Noticed a merfolk
  2782 | D:4      | Noticed a steelbarb worm
  2782 | D:4      | Noticed a merfolk impaler
  2782 | D:4      | Noticed a culicivora
  2782 | D:4      | Noticed a moth of wrath
  2782 | D:4      | Noticed a demonic crawler
  2782 | D:4      | Noticed a water elemental
  2782 | D:4      | Noticed a redback
  2782 | D:4      | Noticed an entropy weaver
  2782 | D:4      | Noticed a merfolk impaler
  2782 | D:4      | Noticed a jumping spider
  2782 | D:4      | Noticed a snapping turtle
  2782 | D:4      | Noticed a culicivora
  2782 | D:4      | Noticed a culicivora
  2782 | D:4      | Noticed a merfolk
  2782 | D:4      | Noticed a water elemental
  2782 | D:4      | Noticed an orb spider
  2783 | D:4      | Noticed a redback
  2783 | D:4      | Noticed a culicivora
  2783 | D:4      | Noticed a meliai
  2783 | D:4      | Noticed a merfolk impaler
  2784 | D:4      | Noticed a pharaoh ant
  2784 | D:4      | Noticed a harpy
  2785 | D:4      | Noticed an entropy weaver
  2786 | D:4      | Noticed a torpor snail
  2820 | D:4      | Noticed tower07's ghost (amateur OpCj)
  2831 | D:4      | Found a basalt altar of Yredelemnul.
  3046 | D:4      | Found a blossoming altar of Fedhas.
  3101 | D:4      | Found a runed translucent gate.
  3102 | D:4      | Found a runed translucent gate.
  3105 | D:4      | Found a runed translucent gate.
  3179 | D:4      | Found a stormy altar of Qazlal.
  3328 | D:5      | Entered Level 5 of the Dungeon
  3414 | D:5      | Reached skill level 9 in Ranged Weapons
  3449 | D:5      | Noticed Eustachio
  3459 | D:5      | Found a glowing drain.
  3467 | Sewer    | Entered a sewer
  3563 | Sewer    | Reached XP level 8. HP: 56/56 MP: 8/8
  3993 | Sewer    | HP: 1/56 [river rat (8)]
  3994 | Sewer    | Slain by a river rat

Illustrated notes

Levels and vault maps discovered:
D:1:      tarquinn_simple_flora_water_f, layout_basic,
          hangedman_decor_clover_reticule
D:2:      layout_loops_ring, nicolae_wormholes, uniq_sigmund
D:3:      layout_rooms, supply_closet_lemuel, uniq_ijyb
D:4:      layout_basic, grunt_temple_overflow_forces_of_nature,
          grunt_ashenzari_visionary [grunt_ashenzari_visionary_shoals,
          grunt_ashenzari_visionary_spider], yredelemnul_altar_generic,
          gammafunk_ghost_split, kennysheep_generic_room_11
D:5:      layout_basic, trog_three_pillars_becter, gup_sewer_entry_bowl,
          uniq_eustachio
Sewer:    sewer_fruit_machine

Skill      XL: |  1  2  3  4  5  6  7 |
---------------+----------------------+-----
Ranged Weapons | 6 7 9 |  9.4
Fighting       | |  2.1
Dodging        | |  1.7
Stealth        | |  1.2

Action                   |  1- 3 |  4- 6 |  7- 9 || total
-------------------------+-------+-------+-------++-------
Melee: Shortbow          |       |       |     1 ||     1
 Fire: Shortbow          |    37 |   146 |   226 ||   409
 Abil: Dig               |       |     1 |       ||     1
  Use: Scroll            |       |       |     8 ||     8
Armor: Leather armour    |     1 |    19 |    40 ||    60
Dodge: Dodged            |     8 |    61 |   101 ||   170
